 Dungeon Crawl Stone Soup version 0.18.1-6-gd335043 (webtiles) character file.

67 FitzyFitz the Slasher (level 3, -3/29 HPs)
             Began as a Demigod Skald on May 16, 2016.
             Slain by a gnoll
             ... wielding a +0 spear
              (5 damage)
             ... on level 2 of the Dungeon.
             The game lasted 00:06:59 (1211 turns).

FitzyFitz the Slasher (Demigod Skald)               Turns: 1211, Time: 00:07:00

Health: -3/29      AC:  3    Str: 15    XL:     3   Next: 70%
Magic:  7/8        EV: 11    Int: 18    God:
Gold:   106        SH:  0    Dex: 15    Spells: 3 memorised, 0 levels left

rFire  . . .     SeeInvis .     a - +0 falchion
rCold  . . .     Gourm    .     b - +0 leather armour
rNeg   . . .     Faith    .     (no shield)
rPois  .         Spirit   .     (no helmet)
rElec  .         Dismiss  .     (no cloak)
rCorr  .         Reflect  .     (no gloves)
SustAt +         Harm     .     (no boots)
MR     .....                    (no amulet)
Stlth  +.........               (no ring)
                                (no ring)

@: marked, singing, not resistant to hostile enchantments, very unstealthy
A: high mp 1, sustain attributes
a: Stop Singing


You were on level 2 of the Dungeon.
You were not hungry.

You visited 1 branch of the dungeon, and saw 2 of its levels.

You collected 106 gold pieces.

Inventory:

Hand Weapons
 a - a +0 falchion (weapon)
 n - a +0 war axe
Missiles
 e - 41 stones (quivered)
 f - 43 sling bullets
 g - 18 arrows
 k - 21 poisoned needles
 p - 5 tomahawks
Armour
 b - a +0 leather armour (worn)
Scrolls
 i - a scroll of immolation {unknown}
 j - a scroll of teleportation {unknown}
 l - 2 scrolls of identify {unknown}
 r - a scroll of magic mapping {unknown}
Potions
 h - a potion of flight {unknown}
 q - a potion of degeneration {unknown}
Books
 c - a book of Battle

   Spells                             Type                      Level
   a - Infusion                       Charms                       1
   b - Shroud of Golubria             Charms/Translocation         2
   c - Song of Slaying                Charms                       2
   d - Spectral Weapon                Hexes/Charms                 3
   e - Regeneration                   Charms/Necromancy            3
Comestibles
 d - a bread ration
 m - a meat ration
 o - 4 chunks of flesh


   Skills:
 - Level 1.7 Fighting
 + Level 3.6 Long Blades
 - Level 0.8 Armour
 - Level 0.8 Dodging
 - Level 1.7 Spellcasting
 - Level 2.6 Charms
 - Level 1.0 Translocations


You couldn't memorise any spells.
You knew the following spells:

 Your Spells              Type           Power        Failure   Level  Hunger
a - Infusion              Chrm           ##..         10%         1    #......
b - Shroud of Golubria    Chrm/Tloc      #.........   17%         2    ###....
c - Song of Slaying       Chrm           ##......     12%         2    ###....


Dungeon Overview and Level Annotations

Branches:
Dungeon (2/15)


Innate Abilities, Weirdness & Mutations

You have an increased reservoir of magic (+10% MP).
Your attributes are resistant to harm.


Message History

The bat is severely wounded.
The bat hits you but does no damage. The bat hits you.
* * * LOW HITPOINT WARNING * * *
The bat barely misses you. The bat closely misses you.
The bat hits you but does no damage. The giant gecko closely misses you.
The bat hits you but does no damage. The kobold hits you.
* * * LOW HITPOINT WARNING * * *
The gnoll closely misses you. The bat hits you.
* * * LOW HITPOINT WARNING * * *
You miss the bat.
The bat is severely wounded.
The bat hits you.
* * * LOW HITPOINT WARNING * * *
The bat hits you but does no damage. The bat barely misses you.
The bat misses you. The giant gecko closely misses you.
The goblin hits you but does no damage. The bat hits you but does no damage.
The bat completely misses you. The kobold hits you.
* * * LOW HITPOINT WARNING * * *
The gnoll hits you from afar with a spear.
You die...

......##
.#..#..#### #< ...
.......<... .#g
#.. .#..###### gg
.. ##...####
##.###.###
##.#....#
#.g......#
##....#.###
#..g.....#
####.#...##
#.gKg....#
#.###..#
#..@b....# #..
##.###..bl....#
##..
#..##........#
##.##..##########
#.....## ####...##
.......#..#####
######........####
##...<........


You could see 4 gnolls, a giant gecko, a hobgoblin, 2 goblins, 2 bats and a
kobold.

Vanquished Creatures
  Ijyb (D:2)
  An ooze (D:1)
  A dart slug (D:1)
  2 giant geckos
  A ball python (D:1)
  A giant cockroach (D:1)
  3 goblins
  8 hobgoblins
  A quokka (D:2)
  4 bats
  A giant newt (D:1)
  4 kobolds
  4 rats
32 creatures vanquished.

Notes
Turn   | Place    | Note
--------------------------------------------------------------
     0 | D:1      | FitzyFitz the Demigod Skald began the quest for the Orb.
     0 | D:1      | Reached XP level 1. HP: 17/17 MP: 5/5
    13 | D:1      | Reached skill level 2 in Long Blades
   157 | D:1      | Reached XP level 2. HP: 14/24 MP: 7/7
   468 | D:1      | Reached skill level 3 in Long Blades
   915 | D:1      | Learned a level 2 spell: Shroud of Golubria
   937 | D:2      | Found a blossoming altar of Fedhas.
  1027 | D:2      | Noticed Ijyb
  1052 | D:2      | Killed Ijyb
  1052 | D:2      | Reached skill level 1 in Translocations
  1052 | D:2      | Reached XP level 3. HP: 27/29 MP: 6/8
  1150 | D:2      | Found a shimmering altar of Xom.
  1150 | D:2      | Found a shimmering altar of Xom.
  1173 | D:2      | Found a shimmering altar of Xom.
  1174 | D:2      | Found a shimmering altar of Xom.
  1198 | D:2      | Learned a level 2 spell: Song of Slaying
  1211 | D:2      | Slain by a gnoll

Skill      XL: |  1  2 |
---------------+-------+-----
Long Blades    | 2 3 |  3.6
Translocations | 1 |  1.0
Fighting       | |  1.7
Armour         | |  0.8
Dodging        | |  0.8
Spellcasting   | |  1.7
Charms         | |  2.6

Action                   || total
-------------------------++-------
Melee: Falchion          ||   122
 Cast: Shroud of Golubri ||     2
       Infusion          ||     1
       Song of Slaying   ||     1
  Eat: Chunk             ||     1
Armor: Leather armour    ||    66
Dodge: Dodged            ||   122
